 Dungeon Crawl Stone Soup version 0.31-b1-18-g61460d1e46 (webtiles) character file.

Game seed: 15530276207093072766

50680 yuxiaojun the Warrior (level 14, -3/135 (140) HPs)
             Began as a Hill Orc Monk on Jan 16, 2024.
             Was a Believer of Beogh.
             Shot with an arrow by a centaur warrior (13 damage)
             ... on level 15 of the Dungeon on Jan 17, 2024.
             The game lasted 01:55:51 (25204 turns).

yuxiaojun the Warrior (Hill Orc Monk)              Turns: 25204, Time: 01:55:53

HP:   -3/135 (140)  AC: 30    Str: 17    XL:     14   Next: 56%
MP:   0/24          EV: 10    Int: 10    God:    Beogh [**....]
Gold: 1134          SH:  0    Dex: 15    Spells: 9/19 levels left

rFire   . . .        b - +5 Force Lance {heavy, knockback}
rCold   . . .        d - orb {light}
rNeg    . . .        W - +8 chain mail {Will+}
rPois   +            (no helmet)
rElec   .            G - +0 cloak {Stlth+}
rCorr   .            (no gloves)
SInv    +            E - +0 pair of boots
Will    +....        R - amulet "Codatus" {Spirit +Inv rPois Will- SInv} Stlth
                     V - +4 ring of protection
HPRegen 0.42/turn    N - +4 ring of protection
MPRegen 0.19/turn

%: guardian spirit
@: glowing, lightly drained
A: no striking features
a: Renounce Religion, Evoke Invisibility, Smiting


You were on level 15 of the Dungeon.
You worshipped Beogh.
Beogh was pleased with you.
You visited 3 branches of the dungeon, and saw 21 of its levels.
You also visited: Sewer and Gauntlet.

You collected 1331 gold pieces.
You spent 197 gold pieces at shops.

Inventory:

Hand Weapons
 b - the +5 Force Lance (weapon) {heavy, knockback}
   (You found it on level 2 of the Dungeon)
 P - the +6 sling of Paper {drain, rF+}
   (You took it off an orc on level 7 of the Dungeon)

   rF+:       It protects you from fire.
 U - a +0 demon whip of venom
 X - the +7 lajatang of Order {silver, rMut}
   (You took it off a minotaur in a Gauntlet)

   rMut:      It protects you from mutation.
Missiles
 i - 19 poisoned darts
 J - 8 boomerangs
 O - 4 datura-tipped darts (quivered)
 Q - 6 atropa-tipped darts
 Z - 8 silver javelins
Armour
 d - an orb of light (worn)
 E - a +0 pair of boots (worn)
 G - a +0 cloak of stealth (worn)
 W - a +8 chain mail of willpower (worn)
Jewellery
 a - an amulet of reflection
 f - a ring of willpower
 k - a ring of ice
 D - a +5 ring of evasion
 N - a +4 ring of protection (right hand)
 R - the amulet "Codatus" (around neck) {Spirit +Inv rPois Will- SInv}
   (You found it in a Gauntlet)

   [amulet of guardian spirit]

   Spirit:    It causes incoming damage to be divided between your reserves of
   health and magic.
   rPois:     It protects you from poison Will-: It decreases your willpower.
   SInv:      It lets you see invisible.
   +Inv:      It lets you turn invisible.
 S - a ring of positive energy
 V - a +4 ring of protection (left hand)
 Y - a +5 ring of evasion
Wands
 s - a wand of light (19)
 u - a wand of flame (13)
 v - a wand of iceblast (25)
 C - a wand of charming (27)
 T - a wand of polymorph (9)
Scrolls
 g - 4 scrolls of noise {unknown}
 j - 4 scrolls of revelation
 l - 6 scrolls of enchant weapon
 o - 2 scrolls of poison
 p - a scroll of enchant armour
 w - a scroll of amnesia
 y - 7 scrolls of teleportation {unknown}
 B - 2 scrolls of immolation
 F - 2 scrolls of vulnerability
 I - 3 scrolls of silence
 L - 3 scrolls of fear
 M - a scroll of brand weapon
Potions
 c - 3 potions of ambrosia
 e - 3 potions of curing
 h - 6 potions of lignification
 m - 3 potions of might
 n - 6 potions of enlightenment
 q - 2 potions of heal wounds
 r - a potion of berserk rage
 t - a potion of mutation {unknown}
 x - a potion of resistance
 z - 3 potions of brilliance
 A - 4 potions of haste
 H - a potion of invisibility
 K - 3 potions of degeneration


   Skills:
 - Level 17.0 Fighting
 - Level 4.0 Axes
 - Level 0.1(2.0) Polearms
 - Level 4.0 Ranged Weapons
 - Level 3.1 Throwing
 + Level 9.3 Armour
 - Level 5.0 Dodging
 - Level 3.0 Spellcasting
 - Level 9.0 Summonings
 - Level 4.0 Fire Magic
 - Level 14.0 Invocations
 - Level 9.0 Evocations


You had 9 spell levels left.
You knew the following spells:

 Your Spells              Type           Power      Damage    Failure   Level
b - Summon Small Mammal   Summ           76%        N/A       4%          1
c - Call Imp              Summ           38%        N/A       8%          2
d - Call Canine Familiar  Summ           19%        N/A       16%         3
e - Summon Blazeheart Go  Fire/Summ      14%        N/A       80%         4

Your spell library contained the following spells:

 Spells                   Type           Power      Damage    Failure   Level
 Foxfire                  Conj/Fire      20%        2x1d5     65%         1
 Magic Dart               Conj           4%         1d3       90%         1
 Blink                    Tloc           2%         N/A       97%         2
 Fugue of the Fallen      Necr           1%         N/A       99%         3
 Ozocubu's Armour         Ice            1%         N/A       99%         3
 Manifold Assault         Tloc           1%         N/A       100%        4
 Vhi's Electric Charge    Tloc/Air       2%         N/A       100%        4
 Arcjolt                  Conj/Air       0%         1d10      100%        5
 Iskenderun's Battlesphe  Conj           1%         2d6       100%        5
 Summon Forest            Summ/Tloc      5%         N/A       100%        5
 Summon Mana Viper        Hex/Summ       10%        N/A       100%        5
 Bombard                  Conj/Erth      0%         9d1       100%        6
 Plasma Beam              Fire/Air       2%         2x1d12    100%        6
 Starburst                Conj/Fire      2%         6d3       100%        6
 Summon Cactus Giant      Summ           9%         N/A       100%        6
 Orb of Destruction       Conj           0%         9d5       100%        7
 Spellforged Servitor     Conj/Summ      5%         N/A       100%        7
 Maxwell's Capacitive Co  Air            0%         ∞         100%        8


Dungeon Overview and Level Annotations

Branches:
Dungeon (15/15)            Temple (0/1) D:6            Lair (4/5) D:8
 Spider (0/4) Lair:2          Orc (2/2) D:9          Vaults (0/5) D:13
  Sewer (visited)         Gauntlet (visited)
  Swamp: Lair:2-3    Shoals: Lair:2-3     Slime: Lair:4-5       Elf: Orc:2
 Depths: D:15

Altars:
Okawaru
Ru
Yredelemnul
Zin

Shops:
D:3 =   D:4 (   D:6 *   D:7 *

Annotations:
D:11 3 runed translucent doors, bande's ghost, journeyman GrFi
D:15 Roxanne


Message History

Beogh accepts your kill.
You start resting.
A centaur warrior is nearby!
The centaur warrior unwields a +0 halberd.
The centaur warrior wields a +3 orcbow.
The centaur warrior shoots an arrow.
The arrow hits you!
The centaur warrior shoots an arrow.
The arrow hits you.
The centaur warrior shoots an arrow.
The arrow hits you.
* * * LOW HITPOINT WARNING * * *
The centaur warrior shoots an arrow.
The arrow hits you!!
* * * LOW HITPOINT WARNING * * *
The centaur warrior shoots an arrow.
The arrow hits you!
* * * LOW HITPOINT WARNING * * *
Aiming: Smiting
Press: ? - help, Dir - move target, f - centaur warrior Smite: a centaur warrior, wielding a +3 orcbow and wearing a +0 robe (haloed)
You smite the centaur warrior!!
The centaur warrior is heavily wounded.
The centaur warrior shoots an arrow.
The arrow barely misses you.
Okay, then.
Aiming: Charm
Press: ? - help, Shift-Dir - straight line, f/p - centaur warrior
Aim: a centaur warrior, wielding a +3 orcbow and wearing a +0 robe (heavily wounded, haloed, chance to affect: 51%)
The centaur warrior resists with significant effort.
The centaur warrior shoots an arrow.
The arrow closely misses you.
The centaur warrior shoots an arrow.
The arrow hits you but does no damage.
Aiming: Bolt of Light
Press: ? - help, Shift-Dir - straight line, f/p - centaur warrior
Aim: a centaur warrior, wielding a +3 orcbow and wearing a +0 robe (moderately wounded, haloed, 87% to hit)
The bolt of light hits the centaur warrior!
The centaur warrior is severely wounded.
The centaur warrior is blinded.
The centaur warrior shoots an arrow.
The arrow hits you.
* * * LOW HITPOINT WARNING * * *
Aiming: Charm
Press: ? - help, Shift-Dir - straight line, f/p - centaur warrior
Aim: a centaur warrior, wielding a +3 orcbow and wearing a +0 robe (severely wounded, blind, unable to see you, haloed, chance to affect: 51%)
The centaur warrior resists with significant effort.
The centaur warrior shoots an arrow.
The arrow barely misses you.
The centaur warrior shoots an arrow.
The arrow hits you!
You die...

##..##.........# #...##
##..##..........##...... .#
##..##....#.##...#...... ..#
##..##....####........###..#
#..###....## #........##....
...##......###..............
OD###.......................
####....#..................#
####..####....c.@.........#
#......####...............#
......##...........[.....##
......##..###............#
.......#...#.............#
........†......[..........#
.........#..........##....#
.......####......^..# .....#
......## #.........# #.....


You could see a centaur warrior (blind, unable to see you).

Vanquished Creatures
  A slime creature (D:13)
  A minotaur (Gauntlet)
  A yaktaur captain (D:13)
  2 catoblepae
  The ghost of jjjjhere the Martial Artist, a journeyman DsSh of Okawaru (Lair:2)
  9 centaur warriors
  5 boulder beetles
  2 two-headed ogres
  2 tengu warriors (D:14)
  Nergalle (D:11)
  Amaemon (Lair:1)
  An obsidian statue (D:9)
  An arcanist (Gauntlet)
  2 orc knights
  5 ugly things
  A cyclops (D:14)
  An orc sorcerer (Orc:1)
  2 deep elf pyromancers (D:14)
  Maurice (D:7)
  3 manticores
  A moth of wrath (Gauntlet)
  A black mamba (Lair:1)
  An orange demon (Lair:1)
  An unseen horror (D:8)
  An efreet (D:14)
  10 cane toads
  2 gargoyles
  A freezing wraith (D:15)
  A torpor snail (Lair:1)
  A yaktaur (D:13)
  2 komodo dragons
  A kobold demonologist (D:11)
  A rime drake (Lair:1)
  An ice devil (Gauntlet)
  3 trolls
  Grinder (D:4)
  A polar bear (Lair:4)
  6 blink frogs
  2 culicivoras (Lair:2)
  4 wraiths
  14 yaks
  2 wyverns
  A warg (D:9)
  6 vampire mosquitoes
  2 steam dragons
  5 redbacks
  Edmund (D:4)
  An acid dragon (D:11)
  16 water moccasins
  A nameless horror (Lair:2)
  An ice beast (D:8)
  2 laughing skulls (D:15)
  5 orc warriors
  7 black bears
  12 wolves
  7 ogres
  14 centaurs
  A phantom (D:6)
  2 kobold brigands
  9 bullfrogs
  5 scorpions
  2 gnoll sergeants (D:7)
  8 wights
  6 killer bees
  9 howler monkeys
  A jelly (D:7)
  2 bombardier beetles (D:5)
  5 hounds
  3 sleepcaps
  Crazy Yiuf (D:4)
  A gnoll bouda (D:7)
  Natasha (thrice) (D:4)
  3 iguanas
  6 orc wizards
  11 gnolls
  9 adders
  3 river rats (Sewer)
  2 shadow imps
  6 white imps
  2 ufetubi (D:6)
  4 dart slugs
  2 ribbon worms (D:2)
  34 orcs
  6 endoplasms
  10 giant cockroaches
  12 goblins
  7 hobgoblins
  4 jackals
  15 kobolds
  5 quokkas
  7 ball pythons
  7 bats
  3 frilled lizards
  7 rats
405 creatures vanquished.

Vanquished Creatures (collateral kills)
  Frances (D:13)
  Josephine (D:12)
  2 two-headed ogres (D:11)
  A manticore (D:13)
  A cyclops (D:12)
  2 ugly things (D:15)
  9 slime creatures
  2 unseen horrors
  A yaktaur (D:13)
  2 trolls
  2 wraiths (D:12)
  A shadow (D:10)
  A vampire (D:11)
  A wyvern (Lair:4)
  A steam dragon (D:9)
  7 yaks
  4 centaurs (D:12)
  A gnoll sergeant (D:11)
  2 killer bees (D:10)
  A howler monkey (D:12)
  An orc priest (D:11)
  4 orc wizards
  2 orcs
50 creatures vanquished.

Vanquished Creatures (others)
  2 orc knights (D:13)
  An arcanist (D:15)
  A centaur (D:15)
  An orc wizard (D:10)
  An orc priest (Orc:1)
  4 orcs
  2 blazeheart cores
12 creatures vanquished.

Grand Total: 467 creatures vanquished

Notes
Turn   | Place    | Note
-------+----------+-------------------------------------------
     0 | D:1      | yuxiaojun the Hill Orc Monk began the quest for the Orb.
     0 | D:1      | Reached XP level 1. HP: 19/19 MP: 1/1
    33 | D:1      | Reached skill level 1 in Invocations
    72 | D:1      | Reached XP level 2. HP: 24/27 MP: 1/3
   108 | D:1      | Reached skill level 4 in Fighting
   186 | D:1      | Reached XP level 3. HP: 32/34 MP: 4/4
  1277 | D:2      | Reached skill level 1 in Armour
  1277 | D:2      | Reached XP level 4. HP: 41/41 MP: 6/6
  1377 | D:2      | Found the +5 Force Lance {heavy, knockback}
  1592 | D:3      | Reached skill level 5 in Fighting
  1738 | D:3      | Found Teagaess's Jewellery Boutique.
  1757 | D:3      | Reached XP level 5. HP: 48/48 MP: 7/7
  2306 | D:4      | Found Efurich's Antique Weapon Emporium.
  2479 | D:4      | Noticed Grinder
  2490 | D:4      | Killed Grinder
  2491 | D:4      | Reached skill level 7 in Fighting
  2491 | D:4      | Reached XP level 6. HP: 49/60 MP: 8/8
  2543 | D:4      | Noticed Natasha
  2545 | D:4      | Found a glowing drain.
  2547 | D:4      | Killed Natasha
  2565 | D:4      | Reached XP level 7. HP: 67/67 MP: 9/9
  2571 | D:4      | Noticed Edmund
  2578 | Sewer    | Entered a sewer
  2584 | Sewer    | Reached skill level 8 in Fighting
  2586 | Sewer    | Reached skill level 1 in Evocations
  2795 | Sewer    | Found a white marble altar of Elyvilon.
  2865 | D:4      | Killed Edmund
  3404 | D:4      | Reached skill level 9 in Fighting
  3438 | D:4      | Reached XP level 8. HP: 67/78 MP: 10/10
  3528 | D:4      | Found a sacrificial altar of Ru.
  3640 | D:4      | Found a runed translucent door.
  3641 | D:4      | Noticed Crazy Yiuf
  3802 | D:5      | Entered Level 5 of the Dungeon
  4139 | D:5      | Reached skill level 5 in Invocations
  4341 | D:5      | Reached skill level 5 in Armour
  4827 | D:6      | Learned a level 1 spell: Foxfire
  4856 | D:6      | Reached XP level 9. HP: 84/84 MP: 14/14
  4926 | D:6      | Reached skill level 10 in Fighting
  5024 | D:6      | Found a staircase to the Ecumenical Temple.
  5152 | D:6      | Found Oburool's General Store.
  5164 | D:6      | Bought a potion of curing for 33 gold pieces
  5168 | D:6      | Bought a scroll of revelation for 82 gold pieces
  5168 | D:6      | Bought a scroll of blinking for 82 gold pieces
  5602 | D:7      | Learned a level 1 spell: Summon Small Mammal
  5653 | D:7      | Noticed a troll
  5657 | D:7      | Killed a troll
  5658 | D:7      | Reached skill level 11 in Fighting
  5684 | D:7      | Became a worshipper of Beogh the Brigand
  5684 | D:7      | Reached * piety under Beogh
  5684 | D:7      | Reached ** piety under Beogh
  5684 | D:7      | Noticed Maurice
  5894 | D:7      | Reached skill level 12 in Fighting
  5950 | D:7      | Identified the +6 sling of Paper {drain, rF+}
  6128 | D:7      | Maurice stole 12 poisoned darts
  6129 | D:7      | Maurice stole a ring of ice
  6131 | D:7      | Maurice stole a +0 hand axe
  6132 | D:7      | Killed Maurice
  6133 | D:7      | Reached skill level 13 in Fighting
  6301 | D:7      | Reached XP level 10. HP: 101/101 MP: 15/15
  6713 | D:7      | Reached skill level 14 in Fighting
  7115 | D:7      | Found Guschiw's Assorted Antiques.
  7634 | D:8      | Noticed an unseen horror
  7641 | D:8      | Killed an unseen horror
  7674 | D:8      | Noticed a centaur warrior
  7683 | D:8      | Killed a centaur warrior
  7973 | D:8      | Reached skill level 10 in Invocations
  8190 | D:4      | Killed Crazy Yiuf
  8223 | D:4      | Noticed Natasha
  8229 | D:4      | Killed Natasha
  8242 | D:4      | Noticed Natasha
  8251 | D:4      | Killed Natasha
  8388 | D:8      | Reached skill level 1 in Ranged Weapons
  8535 | D:8      | Found a staircase to the Lair.
  8675 | D:8      | Noticed a purple ugly thing
  8688 | D:8      | Killed a purple ugly thing
  8689 | D:8      | Reached skill level 1 in Throwing
  8689 | D:8      | Reached XP level 11. HP: 92/110 MP: 18/18
  8780 | D:8      | Noticed a two-headed ogre
  8826 | D:7      | Killed a two-headed ogre
  9491 | D:8      | Learned a level 2 spell: Call Imp
  9593 | Lair:1   | Entered Level 1 of the Lair of Beasts
  9598 | Lair:1   | Reached skill level 1 in Summonings
  9679 | Lair:1   | Reached *** piety under Beogh
 10795 | Lair:1   | Noticed Amaemon
 10802 | Lair:1   | Killed Amaemon
 11608 | Lair:1   | Reached XP level 12. HP: 26/117 MP: 22/22
 12184 | Lair:2   | Reached skill level 5 in Evocations
 13156 | D:9      | Found an iron altar of Okawaru.
 13292 | D:9      | Found a staircase to the Orcish Mines.
 13406 | D:9      | Found a glowing silver altar of Zin.
 13617 | D:9      | Noticed a sun demon
 13801 | D:10     | Entered Level 10 of the Dungeon
 13815 | D:10     | Found a basalt altar of Yredelemnul.
 14765 | D:11     | Noticed a two-headed ogre
 14771 | D:11     | Killed a two-headed ogre
 14833 | D:11     | Found a runed translucent gate.
 14835 | D:11     | Found a runed translucent gate.
 14836 | D:11     | Found a runed translucent gate.
 14842 | D:11     | Noticed Nergalle
 14850 | D:11     | Killed Nergalle
 15369 | D:11     | Noticed a minotaur
 15369 | D:11     | Noticed bande's ghost (journeyman GrFi)
 15517 | D:11     | Noticed a two-headed ogre
 15523 | D:11     | Killed a two-headed ogre
 15810 | D:12     | Noticed a boulder beetle
 15829 | D:12     | Killed a boulder beetle
 16025 | D:12     | Noticed a two-headed ogre
 16031 | D:12     | Killed a two-headed ogre
 16089 | D:12     | Noticed Josephine
 16096 | D:12     | Killed Josephine
 16099 | D:12     | Reached XP level 13. HP: 116/125 MP: 23/23
 16165 | D:12     | Reached skill level 5 in Summonings
 16173 | D:12     | Learned a level 3 spell: Call Canine Familiar
 16434 | D:13     | Noticed Frances
 16442 | D:13     | Killed Frances
 16632 | D:13     | Reached skill level 1 in Spellcasting
 16638 | D:13     | Learned a level 4 spell: Summon Blazeheart Golem
 16640 | D:13     | Reached **** piety under Beogh
 17056 | D:13     | Found a gate to the Vaults.
 17064 | D:13     | Noticed a yaktaur captain
 17076 | D:13     | Killed a yaktaur captain
 17404 | D:13     | Reached skill level 15 in Fighting
 17651 | Orc:1    | Entered Level 1 of the Orcish Mines
 17825 | Orc:2    | Entered Level 2 of the Orcish Mines
 18651 | D:14     | Reached skill level 5 in Dodging
 18860 | D:14     | Reached skill level 1 in Fire Magic
 19587 | D:14     | HP: 5/126 [centaur warrior/arrow (6)]
 20606 | Lair:2   | Found a large runed translucent door.
 20606 | Lair:2   | Found a large runed translucent door.
 20607 | Lair:2   | Noticed jjjjhere's ghost (journeyman DsSh)
 20635 | Lair:2   | Killed jjjjhere's ghost
 20836 | Lair:2   | Found a hole to the Spider Nest.
 22758 | D:14     | Reached XP level 14. HP: 110/135 MP: 24/24
 23402 | D:15     | Entered Level 15 of the Dungeon
 23402 | D:15     | Noticed Roxanne
 23464 | D:15     | Found a gate leading to a gauntlet.
 23607 | Gauntlet | Entered a Gauntlet
 23607 | Gauntlet | Found a transporter.
 23607 | Gauntlet | Found a transporter.
 23632 | Gauntlet | Found a transporter.
 23634 | Gauntlet | Found a transporter.
 23682 | Gauntlet | Found a transporter.
 23686 | Gauntlet | Found a transporter.
 23698 | Gauntlet | Found a transporter.
 23702 | Gauntlet | Found a transporter.
 23720 | Gauntlet | Found a transporter.
 23742 | Gauntlet | Found a transporter.
 23768 | Gauntlet | Found a transporter.
 23771 | Gauntlet | Found a transporter.
 23912 | Gauntlet | Reached skill level 16 in Fighting
 24518 | Gauntlet | Identified the amulet "Codatus" {Spirit +Inv rPois Will-
                  | SInv}
 25017 | D:15     | Reached skill level 17 in Fighting
 25204 | D:15     | Shot with an arrow by a centaur warrior

Illustrated notes

Levels and vault maps discovered:
D:1:      wheals_arrival_shading, layout_loops_ring, kennysheep_another_room,
          nicolae_the_louvre
D:2:      layout_rooms
D:3:      layout_basic, serial_shops, shop
D:4:      layout_basic, nicolae_ru_path_of_blood, gup_sewer_entry_glass,
          serial_shops, shop, uniq_edmund, uniq_crazy_yiuf_cottage,
          uniq_grinder, uniq_natasha
D:5:      layout_cave_pools, serial_bayou_lagoon_a
D:6:      layout_gridville, minmay_temple_entry_ruins, serial_shops, shop
D:7:      layout_layer_cave, serial_shops, nicolae_shop_back_alley_shop,
          grunt_decor_cap, minmay_joined_circles, uniq_maurice
D:8:      minmay_opposing_rooms, layout_rooms, due_lair_maze_entry_diamond,
          nicolae_eternal_life, minmay_crystal_room, minmay_statues_item
D:9:      layout_rooms, lemuel_coloured_pillars_altar, old_standard_altar,
          minmay_orc_entry_guard_dogs, minivault_16
D:10:     layout_stronghold, nicolae_overflow_crystal_walls
D:11:     layout_basic, maelrawn_ghost_gauntlet_escape, uniq_nergalle
D:12:     layout_cave_pools, uniq_josephine
D:13:     layout_loops_cross, david_vaults_2, uniq_frances
D:14:     layout_roguey
D:15:     gammafunk_enter_depths_forms, layout_cave_pools,
          gauntlet_entry_generic, minmay_misc_feat_tower,
          minmay_mirror_moons_of_madness, uniq_jorgrun, uniq_roxanne
Lair:1:   layout_regular_city, lemuel_old_faithful, uniq_amaemon
Lair:2:   layout_long_grid, nicolae_spider_entry_tight_spaces,
          ebering_ghost_disaster_area, lemuel_fruit_fields
Lair:3:   layout_loops_ring, minmay_shoals_entry_lonely_mermaid,
          grunt_megastairs_4, serial_bayou_shore_b
Lair:4:   layout_small_grid, slime_entry_2, gammafunk_ghost_necromancy,
          kennysheep_abandoned_house, lemuel_fruit_tree
Orc:1:    layout_caves
Orc:2:    st_orc_elflike, layout_caves, gammafunk_ghost_berserking_beasts,
          serial_shops, shop_statue, nicolae_shop_clearance, uniq_azrael

Skill      XL: |  1  2  3  4  5  6  7  8  9 10 11 12 13 14 |
---------------+-------------------------------------------+-----
Invocations    | 1 2 3 7 10 13 14 | 14.0
Fighting       | 4 5 7 9 13 14 15 17 | 17.0
Armour         | 1 2 3 6 7 8 9 |  9.3
Evocations     | 3 9 |  9.0
Ranged Weapons | 3 4 |  4.0
Throwing       | 1 2 3 |  3.1
Summonings     | 4 8 9 |  9.0
Dodging        | 3 5 |  5.0
Spellcasting   | 3 |  3.0
Fire Magic     | 4 |  4.0
Axes           | |  4.0
Polearms       | |  0.1

Action                     |  1- 3 |  4- 6 |  7- 9 | 10-12 | 13-15 || total
---------------------------+-------+-------+-------+-------+-------++-------
  Melee: Hand axe          |   132 |    17 |       |       |       ||   149
         Lance             |       |    46 |   234 |   450 |   434 ||  1164
   Fire: Sling             |       |       |       |    24 |    46 ||    70
  Throw: Dart              |       |       |     2 |    20 |    23 ||    45
   Cast: Summon Small Mamm |       |       |       |     2 |       ||     2
         Call Imp          |       |       |       |     1 |     4 ||     5
         Summon Blazeheart |       |       |       |       |     6 ||     6
         Call Canine Famil |       |       |       |       |     4 ||     4
 Invoke: Smiting           |       |       |     3 |    15 |    27 ||    45
         Convert to Beogh  |       |       |     1 |       |       ||     1
  Evoke: Wand              |       |       |     1 |     5 |    28 ||    34
    Use: Scroll            |       |     1 |     5 |     6 |    13 ||    25
         Potion            |       |     1 |       |     3 |     8 ||    12
   Stab: Sleeping          |       |       |       |     2 |     1 ||     3
         Distracted        |       |       |       |     1 |       ||     1
 Armour: Robe              |    27 |       |       |       |       ||    27
         Scale mail        |    52 |       |       |       |       ||    52
         Ring mail         |       |    35 |   195 |   116 |       ||   346
         Leather armour    |       |       |       |   220 |       ||   220
         Steam dragon scal |       |       |       |    42 |   311 ||   353
         Chain mail        |       |       |       |       |   204 ||   204
  Dodge: Dodged            |    63 |    27 |   181 |   563 |   711 ||  1545
